 Dungeon Crawl Stone Soup version 0.25-a0-544-gee0576305d (webtiles) character file.

Game seed: 15081138389949872805, levelgen mode: deterministic

1106 Lugonue the Slasher (level 8, 0/60 HPs)
             Began as a Demonspawn Gladiator on Feb 20, 2020.
             Was a Believer of Okawaru.
             Killed by nerve-wracking pain
             ... invoked by an orc priest
              (11 damage)
             ... on level 7 of the Dungeon.
             The game lasted 00:10:03 (3921 turns).

Lugonue the Slasher (Demonspawn Gladiator)          Turns: 3921, Time: 00:10:03

Health: 0/60       AC: 13    Str: 21    XL:     8   Next: 11%
Magic:  6/8        EV: 14    Int: 11    God:    Okawaru [**....]
Gold:   196        SH: 11    Dex: 14    Spells: 7/7 levels left

rFire    + . .     SeeInvis .   a - +0 long sword
rCold    . . .     Gourm    .   i - +0 kite shield
rNeg     . . .     Faith    +   r - +2 scale mail {rF+}
rPois    .         Spirit   .   (helmet restricted)
rElec    .         Reflect  .   (no cloak)
rCorr    .         Harm     .   (no gloves)
MR       .....                  n - +0 pair of boots
Stlth    +++.......             l - amulet of faith
HPRegen  0.20/turn              e - +1 ring of evasion
MPRegen  0.11/turn              (no ring)

@: mighty, heroism
A: horns 2, molten scales 1, camouflage 1, sense surroundings 1, powered by
death 1, rot immunity, MP-powered wands
a: Heroism, Renounce Religion


You were on level 7 of the Dungeon.
You worshipped Okawaru.
Okawaru was pleased with you.
You were not hungry.

You visited 1 branch of the dungeon, and saw 6 of its levels.

You collected 196 gold pieces.

Inventory:

Hand Weapons
 a - a +0 long sword (weapon)
 q - a +1 short sword of draining
Missiles
 d - 3 throwing nets (quivered)
Armour
 b - a +0 plate armour
 c - a +0 helmet
 i - a +0 kite shield (worn)
 n - a +0 pair of boots (worn)
 r - a +2 scale mail of fire resistance (worn)
Jewellery
 e - a +1 ring of evasion (left hand)
 l - an amulet of faith (around neck)
 y - an uncursed ring of ice {unknown}
Wands
 g - a wand of acid (8)
 w - a wand of flame (7)
Scrolls
 t - 2 scrolls of remove curse
 u - a scroll of identify
Potions
 h - 2 potions of magic
 j - a potion of might
 k - 3 potions of curing
 m - 2 potions of lignification {unknown}
 o - 2 potions of brilliance
 p - a potion of flight {unknown}
 s - a potion of invisibility {unknown}
 v - a potion of resistance {unknown}
 x - a potion of mutation
Comestibles
 f - 8 rations


   Skills:
 * Level 4.0(9.0) Fighting
 * Level 6.5(11.5) Long Blades
 + Level 2.0(7.0) Throwing
 * Level 3.2(8.2) Armour
 + Level 3.6(8.6) Dodging
 + Level 1.2(6.2) Stealth
 + Level 2.4(7.4) Shields
 + Level 0.3 Invocations


You had 7 spell levels left.
You didn't know any spells.
Your spell library contained the following spells:

 Spells                   Type           Power        Failure   Level  Hunger
 Corona                   Hex            #......      92%         1    ##.....
 Ensorcelled Hibernation  Hex/Ice        #.....       98%         2    ###....
 Confusing Touch          Hex            #.......     100%        3    ####...
 Dazzling Flash           Conj/Hex       #.....       100%        3    ####...
 Tukima's Dance           Hex            #.......     100%        3    ####...


Dungeon Overview and Level Annotations

Branches:
Dungeon (7/15)             Temple (0/1) D:6

Altars:
Ashenzari
Cheibriados
Fedhas
Okawaru
Trog
Vehumet
Wu Jian
Xom
Yredelemnul

Annotations:
D:6 2 transporters, Tenz's ghost, novice CeGl


Innate Abilities, Weirdness & Mutations

You have a pair of horns on your head.
You are partially covered in molten scales. (AC +2)
You regenerate a little health from kills.
You are immune to rotting.
Your skin changes colour to match your surroundings (Stealth+).
You passively map a small area around you.
You expend magic power (3 MP) to strengthen your wands.


Message History

The orc priest is heavily wounded.
The killer bee misses you.
Unknown command.
Okay, then.
Unknown command.
You feel very mighty all of a sudden. The killer bee barely misses you.
The killer bee stings you but does no damage.
You block the killer bee's attack. You block the orc warrior's attack.
The orc priest calls upon Beogh to heal the orc warrior.
The orc warrior is healed somewhat.
The killer bee barely misses you.
You closely miss the orc priest.
The orc priest is heavily wounded.
The killer bee misses you. The killer bee completely misses you.
You riposte.
You hit the killer bee. Your headbutt misses the killer bee.
The killer bee is moderately wounded.
You block the orc warrior's attack. The killer bee closely misses you.
The orc priest mumbles some strange prayers to Beogh against you.
Pain shoots through your body!
You die...

####....# # *
..###............## #
#.................## ##
#.........####.....####.
* #....#...#*
####....... .........#
##)........
.........#####....#.....
......y)o.#....####..#..
* ......o@.....###
#..##. ......y##..###
#..### , .....## #..#
#..# # .... #..# ###..#
# ,, .... #..# ##....###
#..#,
##*#..#####........ ,,
#.# ,..##..##.....##..<.
, , ####.#
...........####..## ,,
#.#..## ##.........###
#..#


You could see an orc warrior, 2 killer bees and an orc priest.

Vanquished Creatures
  Eustachio (D:5)
  An ogre (D:5)
  A bullfrog (D:3)
  3 scorpions
  A killer bee (D:6)
  A crimson imp (D:6)
  A bullfrog zombie (D:7)
  A hound (D:6)
  2 jellies (D:5)
  5 orc wizards
  Jessica (D:3)
  An iguana (D:7)
  2 worker ants
  5 gnolls
  5 adders
  A river rat (D:6)
  A shadow imp (D:5)
  An ooze (D:2)
  3 worms
  5 leopard geckos
  11 orcs
  A ball python (D:6)
  9 bats
  2 giant cockroaches
  10 goblins
  6 hobgoblins
  11 jackals
  10 kobolds
  2 frilled lizards
  A jackal skeleton (D:6)
  A leopard gecko skeleton (D:5)
  A quokka zombie (D:5)
  10 rats
  A spectral orc (D:5)
118 creatures vanquished.

Notes
Turn   | Place    | Note
-------+----------+-------------------------------------------
     0 | D:1      | Lugonue the Demonspawn Gladiator began the quest for the
                  | Orb.
     0 | D:1      | Reached XP level 1. HP: 16/16 MP: 1/1
    56 | D:1      | Gained mutation: You are immune to rotting. [demonic
                  | ancestry]
    56 | D:1      | Reached XP level 2. HP: 8/22 MP: 2/2
    57 | D:1      | Reached skill level 3 in Long Blades
   622 | D:1      | Gained mutation: You regenerate a little health from kills.
                  | [demonic ancestry]
   622 | D:1      | Reached XP level 3. HP: 26/27 MP: 3/3
   982 | D:2      | Found an iron altar of Okawaru.
  1014 | D:2      | Became a worshipper of Warmaster Okawaru
  1065 | D:2      | Found a bloodstained altar of Trog.
  1196 | D:2      | Found a shimmering altar of Xom.
  1196 | D:2      | Found a shimmering altar of Xom.
  1197 | D:2      | Found a shimmering altar of Xom.
  1295 | D:2      | Found a shimmering altar of Xom.
  1323 | D:2      | Gained mutation: You expend magic power (3 MP) to
                  | strengthen your wands. [potion of mutation]
  1323 | D:2      | Gained mutation: Your skin changes colour to match your
                  | surroundings (Stealth+). [potion of mutation]
  1323 | D:2      | Gained mutation: You have a pair of small horns on your
                  | head. [potion of mutation]
  1323 | D:2      | Gained mutation: You passively map a small area around you.
                  | [potion of mutation]
  1548 | D:2      | Found an ornate altar of the Wu Jian Council.
  1553 | D:2      | Reached XP level 4. HP: 34/34 MP: 4/4
  1802 | D:3      | Noticed Jessica
  1818 | D:3      | Killed Jessica
  1818 | D:3      | Reached skill level 4 in Long Blades
  1830 | D:3      | Noticed a bullfrog
  1838 | D:3      | Killed a bullfrog
  1838 | D:3      | Reached * piety under Okawaru
  1838 | D:3      | Reached skill level 1 in Stealth
  1838 | D:3      | Reached XP level 5. HP: 35/40 MP: 5/5
  1840 | D:3      | Reached skill level 1 in Armour
  1972 | D:3      | Found a snail-covered altar of Cheibriados.
  2036 | D:3      | You fall into a shaft and drop 3 floors!
  2045 | D:5      | Entered Level 5 of the Dungeon
  2054 | D:5      | Reached skill level 1 in Shields
  2077 | D:5      | Noticed an ogre
  2089 | D:5      | Killed an ogre
  2089 | D:5      | Gained mutation: You are partially covered in molten
                  | scales. (AC +2) [demonic ancestry]
  2089 | D:5      | Reached XP level 6. HP: 30/47 MP: 3/6
  2107 | D:5      | Reached skill level 5 in Long Blades
  2363 | D:5      | Found a basalt altar of Yredelemnul.
  2363 | D:5      | Noticed Eustachio
  2380 | D:5      | Killed Eustachio
  2380 | D:5      | Reached ** piety under Okawaru
  2380 | D:5      | Mutation became permanent: You have a pair of small horns
                  | on your head. [demonic ancestry]
  2380 | D:5      | Gained mutation: You have a pair of small horns on your
                  | head. [demonic ancestry]
  2380 | D:5      | Reached XP level 7. HP: 41/52 MP: 7/7
  2794 | D:6      | Found a radiant altar of Vehumet.
  2857 | D:6      | Found a staircase to the Ecumenical Temple.
  2939 | D:6      | Found a blossoming altar of Fedhas.
  2939 | D:6      | Found a shattered altar of Ashenzari.
  3100 | D:6      | Noticed Tenz's ghost (novice CeGl)
  3102 | D:6      | Found a transporter.
  3121 | D:6      | Found a transporter.
  3161 | D:6      | Reached skill level 6 in Long Blades
  3771 | D:7      | Gained mutation: You have a pair of horns on your head.
                  | [demonic ancestry]
  3771 | D:7      | Reached XP level 8. HP: 57/60 MP: 5/8
  3779 | D:7      | Reached *** piety under Okawaru
  3921 | D:7      | Killed from afar by an orc priest

Levels and vault maps discovered:
D:1:      scummos_arrival_checkerplants, layout_loops_ring, columned_hall_lemuel
D:2:      layout_loops_cross, lemuel_crystal_altar, marbit_many_paths,
          okawaru_ov_weapons_minmay, first_ration, xom_redecorated
D:3:      layout_loops_cross, cheibriados_altar_1, uniq_jessica
D:5:      layout_loops_ring, yredelemnul_forgotten_temple_becter, uniq_eustachio
D:6:      layout_rooms, overflow_temple_1_default,
          nicolae_overflow_hidden_temple, gammafunk_temple_overflow_elements,
          temple_statues, portal_sewer_entry_a, gammafunk_ghost_smash
D:7:      minmay_flawed_box, layout_layer_cave, lightli_bailey_entry_fortress

Skill      XL: |  1  2  3  4  5  6  7  8 |
---------------+-------------------------+-----
Long Blades    | 3 4 5 6 |  6.5
Throwing       | 2 |  2.0
Dodging        | 3 |  3.6
Stealth        | 1 |  1.2
Armour         | 1 3 |  3.2
Shields        | 1 2 |  2.4
Fighting       | 3 4 |  4.0
Invocations    | |  0.3

Action                   |  1- 3 |  4- 6 |  7- 9 || total
-------------------------+-------+-------+-------++-------
Melee: Long sword        |   126 |   127 |   177 ||   430
       Headbutt          |     1 |    27 |    25 ||    53
Invok: Heroism           |       |     2 |     6 ||     8
  Use: Scroll            |     5 |       |     8 ||    13
       Potion            |     1 |       |     6 ||     7
 Stab: Sleeping          |     4 |     1 |     1 ||     6
  Eat: Chunk             |     2 |     2 |     3 ||     7
       Ration            |       |       |     1 ||     1
Armor: Leather armour    |    47 |     3 |       ||    50
       Scale mail        |       |    52 |    99 ||   151
Dodge: Dodged            |   114 |    60 |   105 ||   279
Block: Kite shield       |    19 |    55 |   118 ||   192
       Rpst.: Long sword |    33 |    15 |    34 ||    82

Table legend:
 A = Non-vault XP
 B = Vault XP
 C = Vault XP percentage of total XP
 D = Non-vault monster count
 E = Vault monster count
 F = Vault count percentage of total count
                 A         B        C        D         E       F
            +---------+---------+-------+---------+---------+-------
      Total |    1199 |     382 |  24.2 |     101 |      17 |  14.4
            +---------+---------+-------+---------+---------+-------
        D:1 |      47 |       0 |   0.0 |      27 |       0 |   0.0
        D:2 |      69 |       3 |   4.2 |      25 |       1 |   3.8
        D:3 |     139 |      37 |  21.0 |      13 |       1 |   7.1
        D:5 |     450 |     204 |  31.2 |      15 |       2 |  11.8
        D:6 |     399 |      26 |   6.1 |      14 |       8 |  36.4
        D:7 |      95 |     112 |  54.1 |       7 |       5 |  41.7
            +---------+---------+-------+---------+---------+-------
